Map: Persephone LE

Players

Reynor - Winner!

  • Race: Zerg Zerg
  • League: Master
  • Spawn Location: 7:00

llllllllllll (sOs)

  • Race: Protoss Protoss
  • Spawn Location: 11:00

VOD

Have the link to the VOD?

Description

Time

  • Played on: Nov. 16, 2025, 4:11 a.m.
  • Length: 7:05
Show
View Real Time Build Order
Export as new Build Order

Reynor Zerg - Winner!

Build Orders: Hatch First 

Get SALT Encoding   

  12  0:00  Drone  
  13  0:08  Drone  
  14  0:14  Extractor, Drone  
  15  0:21  Overlord  
  15  0:39  Drone  
  16  0:45  Hatchery  
  16  0:48  Drone  
  16  0:51  Drone  
  16  0:56  Drone  
  18  1:05  Extractor  
  18  1:11  Spawning Pool  
  16  1:13  Drone  
  16  1:17  Drone  
  18  1:26  Drone  
  19  1:37  Drone  
  20  1:47  Drone  
  21  1:57  Queen x2  
  21  1:58  Drone  
  21  1:59  Overlord  
  26  2:09  Zergling x2, Drone  
  26  2:11  Metabolic Boost  
  28  2:18  Drone  
  28  2:20  Drone  
  30  2:31  Drone x2  
  30  2:34  Hatchery  
  31  2:40  Drone  
  31  2:41  Overlord  
  32  2:51  Zergling x2  
  33  2:52  Zergling x2  
  33  2:53  Queen  
  36  3:02  Overlord  
  36  3:03  Drone  
  37  3:07  Drone x5  
  37  3:12  Overlord  
  42  3:16  Zergling x2  
  43  3:20  Queen  
  43  3:22  Spore Crawler  
  43  3:26  Drone  
  45  3:28  Overlord  
  45  3:31  Drone  
  46  3:38  Drone x2  
  48  3:44  Overlord, Drone x2  
  48  3:46  Queen  
  48  3:48  Drone  
  53  3:53  Drone x2  
  55  3:58  Drone  
  56  4:03  Overlord  
  56  4:04  Drone  
  56  4:06  Drone x2  
  56  4:09  Spore Crawler, Overlord  
  58  4:10  Drone x2  
  60  4:17  Roach Warren  
  60  4:18  Lair  
  60  4:23  Extractor, Drone x3  
  61  4:27  Spore Crawler  
  61  4:31  Spore Crawler, Drone x2  
  59  4:34  Drone  
  59  4:35  Drone  
  59  4:37  Extractor  
  63  4:38  Overlord  
  63  4:40  Zergling x4  
  65  4:52  Drone  
  66  4:53  Zergling x6  
  66  4:58  Overlord  
  69  5:01  Drone  
  71  5:07  Drone x2  
  71  5:08  Overlord  
  72  5:16  Roach x8  
  72  5:17  Roach  
  72  5:18  Queen  
  72  5:19  Queen  
  93  5:25  Zergling x4  
  93  5:27  Zergling x4, Roach x2  
  100  5:33  Overseer  
  100  5:35  Zergling x2, Overlord, Queen  
  101  5:38  Extractor  
  102  5:43  Ravager  
  102  5:45  Drone x3  
  102  5:46  Overlord x2  
  102  5:48  Overlord  
  102  5:49  Overlord  
  106  5:55  Ravager  
  107  5:57  Drone  
  107  5:58  Evolution Chamber, Zergling x12  
  107  6:04  Overlord  
  112  6:08  Spine Crawler  
  112  6:10  Ravager x2  
  115  6:11  Zergling x6, Roach  
  115  6:15  Overseer  
  120  6:18  Roach  
  120  6:21  Zergling x2, Roach  
  123  6:28  Overlord  
  123  6:30  Zergling x6, Roach  
  123  6:32  Zergling x2, Roach x2  
  120  6:40  Roach  
  120  6:43  Zergling x4  
  117  6:48  Drone  
  117  6:51  Drone  
  117  6:53  Drone  
  119  6:54  Spire  
Show
View Real Time Build Order
Export as new Build Order

llllllllllll Protoss 

Build Orders: 1 Gate Expand 

Get SALT Encoding   

  12  0:00  Probe  
  13  0:12  Probe  
  14  0:19  Pylon  
  14  0:24  Probe  
  15  0:28  Assimilator  
  15  0:36  Probe  
  16  0:44  Probe  
  16  0:46  Gateway  
  17  0:52  Probe  
  18  1:04  Probe  
  19  1:16  Probe  
  20  1:23  Nexus  
  20  1:32  Cybernetics Core  
  20  1:35  Probe  
  21  1:40  Assimilator  
  21  1:47  Probe  
  21  1:50  Pylon  
  22  1:59  Probe  
  23  2:09  Adept, Stargate  
  23  2:12  Probe  
  26  2:18  Warp Gate  
  26  2:22  Probe  
  27  2:31  Probe  
  27  2:32  Probe  
  29  2:40  Probe  
  29  2:41  Probe  
  32  2:49  Void Ray, Probe  
  33  2:53  Probe  
  37  3:00  Assimilator  
  37  3:01  Probe  
  37  3:05  Probe  
  39  3:08  Pylon  
  39  3:13  Probe  
  39  3:17  Probe  
  41  3:23  Fleet Beacon  
  41  3:25  Probe  
  42  3:28  Assimilator  
  42  3:29  Probe  
  42  3:38  Probe  
  45  3:41  Probe  
  45  3:44  Pylon  
  45  3:46  Probe  
  44  3:53  Probe  
  46  3:58  Probe  
  46  4:08  Gateway  
  48  4:15  Pylon, Probe  
  48  4:16  Probe  
  48  4:19  Gateway  
  48  4:23  Pylon  
  49  4:25  Mothership  
  49  4:27  Gateway  
  49  4:35  Probe  
  58  4:39  Sentry  
  58  4:40  Gateway  
  60  4:50  Gateway  
  60  4:53  Gateway  
  60  4:57  Gateway  
  60  5:00  Gateway  
  60  5:04  Robotics Facility  
  60  5:10  Sentry x2  
  60  5:14  Pylon x2  
  64  5:19  Stalker  
  66  5:25  Stalker  
  68  5:43  Probe  
  68  5:46  Warp Prism  
  68  5:49  Sentry  
  71  5:50  Sentry x2  
  71  5:51  Stalker x4  
  71  5:56  Pylon  
  81  6:04  Stalker x2  
  85  6:11  Pylon  
  85  6:13  Pylon  
  85  6:19  Sentry x2, Zealot  
  85  6:20  Zealot  
  65  6:47  Stalker x3  
  65  6:48  Stalker x4  
  65  6:49  Zealot  
Tags
 
Add a new tag
Caveats
  • Supply blocks, unpowered buildings, or Contaminate may cause inaccurate times.
  • Supply counts are checked every 10 seconds.